 Dungeon Crawl Stone Soup version 0.29.0-4-gdea44cf6ec (webtiles) character file.

Game seed: 3525351227424129775

166 qw the Ruffian (level 5, -3/42 HPs)
             Began as a Ghoul Fire Elementalist on Aug 29, 2022.
             Slain by an iron imp (5 damage)
             ... summoned by Natasha
             ... on level 2 of the Dungeon.
             The game lasted 00:02:11 (2706 turns).

qw the Ruffian (Ghoul Fire Elementalist)            Turns: 2706, Time: 00:02:12

Health: -3/42      AC:  4    Str: 14    XL:     5   Next: 47%
Magic:  6/6        EV: 11    Int: 10    God:
Gold:   241        SH:  0    Dex:  9    Spells: 6/7 levels left

rFire   . . .      SeeInvis .     - Unarmed
rCold   + . .      Faith    .   (no shield)
rNeg    + + +      Spirit   .   f - +0 leather armour
rPois   inf        Reflect  .   (no helmet)
rElec   .          Harm     .   a - +0 cloak
rCorr   .          Rampage  .   (no gloves)
Will    .....                   (no boots)
Stlth   +.........              (no amulet)
HPRegen 0.00/turn               (no ring)
MPRegen 0.10/turn               (no ring)

@: inhibited regen
A: claws 1, cold resistance 1, negative energy resistance 3, inhibited
regeneration, torment resistance 2, devour on kill
a: no special abilities


You were on level 2 of the Dungeon.
You visited 1 branch of the dungeon, and saw 2 of its levels.

You collected 241 gold pieces.


Innate Abilities, Weirdness & Mutations

You are immune to poison.
You have sharp fingernails.
Your flesh is cold resistant. (rC+)
You are immune to negative energy. (rN+++)
You do not regenerate when monsters are visible.
You are immune to unholy pain and torment.
You thrive by killing the living.


   Skills:
 - Level 2.4 Fighting
 - Level 1.7 Dodging
 - Level 2.1 Stealth
 + Level 4.7 Unarmed Combat
 - Level 1.7 Spellcasting
 - Level 0.7 Conjurations
 - Level 2.4 Fire Magic


You had 6 spell levels left.
You knew the following spells:

 Your Spells              Type           Power      Damage    Failure   Level
a - Foxfire               Conj/Fire      16%        2x1d4     22%         1

Your spell library contained the following spells:

 Spells                   Type           Power      Damage    Failure   Level
 Scorch                   Fire           10%        2d6       22%         2
 Conjure Flame            Conj/Fire      4%         6-21      54%         3
 Inner Flame              Hex/Fire       3%         N/A       58%         3
 Flame Wave               Conj/Fire      4%         2d5       91%         4

Inventory:

Armour
 a - a +0 cloak (worn)
 d - an orb of guile
 f - a +0 leather armour (worn)
Scrolls
 c - a scroll of amnesia {unknown}
 g - 3 scrolls of identify {unknown}
Potions
 e - a potion of brilliance {unknown}
 i - a potion of heal wounds {unknown}

Dungeon Overview and Level Annotations

Branches:
Dungeon (2/15)

Altars:

Annotations:
D:2 Natasha


Message History

Natasha howls an incantation.
Natasha's front paws start to glow.
Natasha barely misses you.
You barely miss Natasha.
Natasha stares at you and mumbles some strange words.
The magic dart hits you.
The ball python hisses angrily.
You scratch Natasha but do no damage.
Your surroundings seem slightly different.
The ball python bites you. The ball python barely misses you.
You claw the ball python!
You kill the ball python!
You feel better.
The shadow imp shouts, "Slither hence, thou goatish idle-headed lewdster!"
You scratch Natasha but do no damage. Natasha casts a spell at you.
You resist with some effort.
You scratch Natasha.
Natasha is lightly wounded.
Natasha mumbles some strange words.
You barely miss Natasha.
Natasha is lightly wounded.
Natasha barely misses you.
You scratch Natasha.
Natasha is moderately wounded.
You closely miss Natasha.
Natasha is moderately wounded.
Natasha closely misses you. The iron imp closely misses you.
You scratch Natasha but do no damage.
Natasha is moderately wounded.
The shadow imp disappears in a puff of smoke!
Natasha claws you.
You closely miss Natasha.
Natasha is moderately wounded.
Natasha claws you but does no damage.
The iron imp hits you but does no damage.
You scratch Natasha.
Natasha is severely wounded.
Natasha claws you but does no damage. The iron imp hits you.
You die...

...........................>.....
(...###.##.#####.........##......
.##..#####.# ##.#######.##......
##....##.# #.....# #..#......
####....####.....# ##.#......
###5...##.....# #.#......
##.#.##.....# #.#......
#.#..¤¤5...# #.#......
#.####h@...# #.#......
##########.####.....# #.#.^....
......<......##.....# #.#<.....
.............##.....# #.#......
.............##.....# #......##
............(##.....#######.#####
.....h.......###.................
.............# ##..##.#####.#####
.............#####'##...###.#


You could see an iron imp (summoned) and Natasha.

Vanquished Creatures
  Terence (D:2)
  Natasha (twice) (D:2)
  4 adders (D:2)
  A worm (D:2)
  2 bats
  5 endoplasms
  2 giant cockroaches
  4 goblins
  3 hobgoblins (D:2)
  9 jackals
  A quokka (D:1)
  6 ball pythons (D:2)
  2 frilled lizards
  5 kobolds
  4 rats
51 creatures vanquished.

Notes
Turn   | Place    | Note
-------+----------+-------------------------------------------
     0 | D:1      | qw the Ghoul Fire Elementalist began the quest for the Orb.
     0 | D:1      | Reached XP level 1. HP: 14/14 MP: 2/2
     0 | D:1      | 0 ||| qw: Version: 0.1-a-90-g952f4b7
     0 | D:1      | 0 ||| qw: Game counter: 4119
     0 | D:1      | 0 ||| qw: Always use a shield: true
     0 | D:1      | 0 ||| qw: God list: Okawaru
     0 | D:1      | 0 ||| qw: Allow faded altars: false
     0 | D:1      | 0 ||| qw: Do Orc after D:15 true
     0 | D:1      | 0 ||| qw: Do second Lair branch before Depths: true
     0 | D:1      | 0 ||| qw: Lair rune preference: random
     0 | D:1      | 0 ||| qw: Plans: Normal
     0 | D:1      | 0 ||| PLANNING D:1-11
   199 | D:1      | Reached skill level 1 in Unarmed Combat
   269 | D:1      | 269 ||| READING scroll labelled CUHOHOX LIEBBI.
   270 | D:1      | 270 ||| READING scroll labelled WUMI VYPPU.
   337 | D:1      | Reached skill level 1 in Fighting
   337 | D:1      | Reached XP level 2. HP: 23/23 MP: 3/3
   812 | D:1      | Reached skill level 2 in Unarmed Combat
   969 | D:1      | Found a faded altar of an unknown god.
  1170 | D:1      | Reached XP level 3. HP: 28/28 MP: 4/4
  1387 | D:1      | 1387 ||| UPGRADING to +0 leather armour.
  1397 | D:1      | 1397 ||| DROPPING +0 robe.
  1398 | D:1      | 1398 ||| READING scroll labelled LITHAM ITWU.
  1399 | D:1      | 1399 ||| READING scroll labelled BIUDUK KASSUNTYA.
  1400 | D:1      | 1400 ||| READING scroll labelled UNIHET SUMIEB.
  1401 | D:1      | 1401 ||| READING scroll labelled JIKAMAMAU AVEWN.
  1405 | D:1      | 1405 ||| DROPPING potion of magic.
  1451 | D:2      | Reached skill level 3 in Unarmed Combat
  1645 | D:2      | Noticed Natasha
  1646 | D:2      | 1646 ||| Stepping ~*~*~tactically~*~*~ (hiding).
  1658 | D:2      | HP: 5/28 [crimson imp[Natasha] (4)]
  1662 | D:2      | Killed Natasha
  1663 | D:2      | Reached XP level 4. HP: 6/35 MP: 5/5
  1850 | D:2      | Noticed Natasha
  1851 | D:2      | 1851 ||| FLEEEEING.
  1952 | D:2      | 1952 ||| Stepping ~*~*~tactically~*~*~ (outnumbered).
  1953 | D:2      | 1953 ||| Stepping ~*~*~tactically~*~*~ (outnumbered).
  1961 | D:2      | 1961 ||| Stepping ~*~*~tactically~*~*~ (stealth).
  1968 | D:2      | 1968 ||| FLEEEEING.
  1970 | D:2      | 1970 ||| FLEEEEING.
  1971 | D:2      | 1971 ||| FLEEEEING.
  1980 | D:2      | 1980 ||| STAIRDANCE
  2041 | D:1      | 2041 ||| UPGRADING to +0 cloak.
  2278 | D:2      | Reached skill level 4 in Unarmed Combat
  2462 | D:2      | Killed Natasha
  2465 | D:2      | Reached XP level 5. HP: 24/42 MP: 6/6
  2588 | D:2      | 2588 ||| Stepping ~*~*~tactically~*~*~ (outnumbered).
  2600 | D:2      | Noticed Terence
  2617 | D:2      | HP: 10/42 [Terence/+0 flail (6)]
  2618 | D:2      | 2618 ||| READING 2 scrolls of teleportation.
  2619 | D:2      | Killed Terence
  2670 | D:2      | Noticed Natasha
  2671 | D:2      | 2671 ||| FLEEEEING.
  2672 | D:2      | 2672 ||| FLEEEEING.
  2673 | D:2      | 2673 ||| FLEEEEING.
  2674 | D:2      | 2674 ||| FLEEEEING.
  2675 | D:2      | 2675 ||| FLEEEEING.
  2678 | D:2      | 2678 ||| Stepping ~*~*~tactically~*~*~ (stealth).
  2680 | D:2      | 2680 ||| Stepping ~*~*~tactically~*~*~ (stealth).
  2683 | D:2      | 2683 ||| Stepping ~*~*~tactically~*~*~ (stealth).
  2684 | D:2      | 2684 ||| Stepping ~*~*~tactically~*~*~ (outnumbered).
  2692 | D:2      | HP: 8/42 [Natasha/magic dart (9)]
  2693 | D:2      | 2693 ||| READING scroll of teleportation.
  2695 | D:2      | HP: 3/42 [Natasha/magic dart (5)]
  2696 | D:2      | HP: 1/42 [ball python (2)]
  2704 | D:2      | HP: 2/42 [Natasha (2)]
  2706 | D:2      | Slain by an iron imp

Levels and vault maps discovered:
D:1:      dpeg_arrival_rooms_a, layout_loops_ring,
          shapermc_ecumenical_altar_mp_highgroup, minmay_pentomino_o4
D:2:      layout_basic, minmay_surrounded, uniq_terence, uniq_natasha

Skill      XL: |  1  2  3  4 |
---------------+-------------+-----
Unarmed Combat | 1 2 3 4 |  4.7
Fighting       | 1 2 |  2.4
Dodging        | |  1.7
Stealth        | |  2.1
Spellcasting   | |  1.7
Conjurations   | |  0.7
Fire Magic     | |  2.4

Action                   |  1- 3 |  4- 6 || total
-------------------------+-------+-------++-------
Melee: Unarmed           |   112 |   116 ||   228
       Punch             |     2 |     1 ||     3
  Use: Scroll            |     6 |     2 ||     8
Armor: Robe              |    15 |       ||    15
       Leather armour    |     6 |    35 ||    41
Dodge: Dodged            |    58 |    67 ||   125

Table legend:
 A = Non-vault XP
 B = Vault XP
 C = Vault XP percentage of total XP
 D = Non-vault monster count
 E = Vault monster count
 F = Vault count percentage of total count
                 A         B        C        D         E       F
            +---------+---------+-------+---------+---------+-------
      Total |     145 |      93 |  39.1 |      43 |       8 |  15.7
            +---------+---------+-------+---------+---------+-------
        D:1 |      32 |       5 |  13.5 |      18 |       3 |  14.3
        D:2 |     113 |      88 |  43.8 |      25 |       5 |  16.7
            +---------+---------+-------+---------+---------+-------
